AoeStats
← a.l.a.n.t

Black Forest

505419300Analyzed
1v1 RM · 23d ago on Sep 9, 2026· 48m 1s· 2 players
Game mode
Random Map
Map size
Tiny (2 player)
Population
200
Speed
Normal
Resources
Standard
Victory
Conquest
Starting age
Dark Age
Ending age
Imperial Age
RankedLock teamsTeams togetherTeam positionsShared explorationLock speedFull tech treeHidden civsTurbo modeCheats
Victory
Defeat
🇨🇳 Spanish · China
1211
+17
🇬🇧 Britons · United Kingdom
1234
-17
1438537544
9:24 Loom
11:09 Feudal Age
12:01 Man-at-Arms
12:28 Double-Bit Axe
12:24 Horse Collar
19:49 Castle Age
19:03 Stone Mining
21:18 Bow Saw
23:05 Fletching
27:34 Wheelbarrow
29:50 Imperial Age
28:48 Hand Cart
28:52 Heavy Plow
30:05 Bodkin Arrow
30:11 Padded Archer Armor
29:36 Elite Skirmisher
31:37 Chemistry
32:08 Two-Man Saw
32:29 Gold Mining
33:07 Bracer
33:23 Leather Archer Armor
36:11 Ring Archer Armor
37:57 Ballistics
40:07 Town Watch
40:44 Masonry
47:51 Scale Mail Armor
48:01 Forging
a.l.a.n.t
0:51 Loom
12:31 Feudal Age
16:50 Castle Age
15:27 Double-Bit Axe
19:35 Bow Saw
23:51 Horse Collar
26:07 Wheelbarrow
28:25 Town Watch
28:59 Hand Cart
28:38 Gold Mining
28:43 Stone Mining
31:57 Imperial Age
29:57 Fletching
31:54 Yeomen
31:33 Bodkin Arrow
32:53 Bracer
32:23 Elite Longbowman
33:34 Ballistics
34:15 Chemistry
32:49 Pikeman
33:32 Squires
33:35 Scale Mail Armor
34:23 Siege Engineers
35:04 Conscription
35:15 Scale Barding Armor
35:39 Onager
37:40 Light Cavalry
38:21 Husbandry
40:37 Chain Barding Armor
40:28 Forging
40:21 Capped Ram
43:56 Crossbowman
44:39 Padded Archer Armor
45:15 Plate Barding Armor
44:33 Arbalester
Connection lost

Rejoining the realm…

Still unreachable

The connection could not be restored.

Session expired

The server has moved on; the page needs a fresh start.